AoeStats
← Steffels

Arabian Desert

510081908Analyzed
1v1 RM · 3d ago on Sep 29, 2026· 39m 34s· 2 players
Game mode
Random Map
Map size
Tiny (2 player)
Population
200
Speed
Normal
Resources
Standard
Victory
Conquest
Starting age
Dark Age
Ending age
Imperial Age
RankedLock teamsTeams togetherTeam positionsShared explorationLock speedFull tech treeHidden civsTurbo modeCheats
Victory
Defeat
🇹🇼 Celts · Taiwan
1080
+15
🇧🇪 Varangians · Belgium
1065
-17
Steffels
7:13 Loom
9:30 Feudal Age
10:37 Horse Collar
10:47 Double-Bit Axe
11:21 Horse Collar
23:30 Castle Age
24:57 Wheelbarrow
25:37 Scale Barding Armor
29:10 Crossbowman
30:47 Bow Saw
31:13 Fletching
ryan20160922
10:39 Feudal Age
10:43 Man-at-Arms
13:38 Scale Mail Armor
17:29 Loom
18:18 Horse Collar
22:11 Forging
23:54 Arson
27:51 Castle Age
27:18 Stone Mining
27:53 Double-Bit Axe
28:25 Pikeman
28:52 Gambesons
31:37 Iron Casting
31:14 Bow Saw
31:06 Heavy Plow
33:14 Fletching
37:13 Bodkin Arrow
37:45 Ballistics
37:16 Guard Tower
38:48 Guard Tower
Connection lost

Rejoining the realm…

Still unreachable

The connection could not be restored.

Session expired

The server has moved on; the page needs a fresh start.